Map: Port Aleksander LE

Players

Namshar - Winner!

  • Race: Zerg Zerg
  • Spawn Location: 11:00

Kas

  • Race: Terran Terran
  • Spawn Location: 5:00

Event: 2019 WCS Spring

VOD

Have the link to the VOD?

Description

Time

  • Played on: May 17, 2019, 10:02 a.m.
  • Length: 5:19

All games in this series

Show
View Real Time Build Order
Export as new Build Order

Namshar Zerg - Winner!

Build Orders: Hatch First, Roach Nydus 

Get SALT Encoding   

  12  0:00  Drone  
  13  0:12  Overlord  
  13  0:18  Drone  
  14  0:30  Drone x2  
  16  0:49  Hatchery  
  15  0:52  Drone  
  15  0:56  Drone  
  17  0:59  Drone  
  18  1:10  Extractor  
  17  1:15  Spawning Pool  
  17  1:18  Drone  
  17  1:21  Drone  
  18  1:28  Drone  
  19  1:38  Drone  
  20  1:49  Drone  
  21  2:01  Queen x2  
  21  2:02  Zergling x4  
  27  2:13  Overlord, Drone  
  27  2:35  Hatchery  
  27  2:36  Drone x2  
  27  2:42  Lair  
  27  2:45  Drone x2  
  29  2:53  Extractor, Drone x2  
  29  2:57  Drone  
  31  2:59  Overlord  
  31  3:07  Drone x2  
  31  3:11  Drone  
  31  3:12  Drone  
  35  3:19  Drone  
  36  3:22  Roach Warren  
  35  3:27  Queen  
  37  3:43  Nydus Network  
  37  3:45  Overlord  
  37  3:47  Queen  
  38  4:02  Roach x3  
  44  4:05  Roach x2  
  44  4:08  Roach  
  50  4:12  Roach  
  50  4:15  Roach  
  54  4:20  Overlord  
  54  4:22  Nydus Canal  
  54  4:29  Roach  
  54  4:30  Overlord  
  56  4:37  Nydus Canal  
  56  4:42  Overseer  
Show
View Real Time Build Order
Export as new Build Order

Kas Terran 

Build Orders: Gas First Reaper Expand, Hellion Banshee 

Get SALT Encoding   

  12  0:00  SCV  
  13  0:12  SCV  
  14  0:17  Supply Depot  
  14  0:24  SCV  
  15  0:28  Refinery  
  15  0:39  SCV  
  16  0:45  Barracks  
  16  0:51  SCV  
  17  1:03  SCV  
  18  1:15  SCV  
  19  1:32  Orbital Command  
  19  1:33  Reaper  
  20  1:44  Command Center  
  20  1:56  Factory  
  20  2:00  SCV  
  21  2:07  Barracks Reactor  
  21  2:12  SCV  
  21  2:15  Supply Depot  
  22  2:23  Refinery  
  22  2:26  SCV  
  22  2:38  SCV  
  23  2:44  Starport  
  23  2:50  Hellion x2  
  27  2:53  SCV  
  28  2:59  Orbital Command  
  28  3:02  Marine  
  29  3:06  SCV  
  30  3:16  Hellion  
  30  3:18  Hellion  
  34  3:20  SCV  
  34  3:25  Marine  
  36  3:28  SCV  
  36  3:31  Starport Tech Lab  
  36  3:32  SCV  
  38  3:40  SCV  
  39  3:42  Supply Depot  
  39  3:44  SCV  
  40  3:50  Hellion x2, Cloaking Field  
  40  3:54  SCV  
  45  4:03  Banshee  
  45  4:05  Supply Depot  
  45  4:06  Barracks Tech Lab  
  45  4:08  SCV  
  45  4:09  SCV  
  50  4:20  SCV  
  51  4:34  Siege Tank  
  51  4:35  Marine x2  
  47  4:58  Marine x2  
Tags
 
Add a new tag
Caveats
  • Supply blocks, unpowered buildings, or Contaminate may cause inaccurate times.
  • Supply counts are checked every 10 seconds.